 Dungeon Crawl Stone Soup version 0.29-a0-330-g52719c12eb (webtiles) character file.

Game seed: 5621066537548019077

40 lunkers the Sneak (level 3, -2/24 HPs)
             Began as a Vampire Enchanter on Apr 12, 2022.
             Slain by an adder (4 damage)
             ... on level 2 of the Dungeon.
             The game lasted 00:01:14 (739 turns).

lunkers the Sneak (Vampire Enchanter)                Turns: 739, Time: 00:01:15

Health: -2/24      AC:  2    Str:  4 (7)  XL:     3   Next: 30%
Magic:  6/6        EV: 12    Int: 18 (19) God:
Gold:   95         SH:  0    Dex: 13 (14) Spells: 6/6 levels left

rFire   . . .      SeeInvis +   a - +1 dagger
rCold   . . .      Faith    .   (no shield)
rNeg    . . .      Spirit   .   b - +0 robe
rPois   .          Reflect  .   (no helmet)
rElec   .          Harm     .   (no cloak)
rCorr   .          Rampage  .   (no gloves)
Will    .....                   (no boots)
Stlth   +++.......              (no amulet)
HPRegen 0.28/turn               (no ring)
MPRegen 0.10/turn               (no ring)

@: lethally poisoned (-2 -> -8), healing quickly
A: alive, fangs 3, see invisible, vampiric 2
a: Exsanguinate


You were on level 2 of the Dungeon.
You visited 1 branch of the dungeon, and saw 2 of its levels.

You collected 95 gold pieces.

Inventory:

Hand Weapons
 a - a +1 dagger (weapon)
Armour
 b - a +0 robe (worn)
Scrolls
 d - a scroll of holy word {unknown}
 f - a scroll of blinking {unknown}
 h - a scroll of identify {unknown}
Potions
 c - 3 potions of invisibility
 e - a potion of mutation {unknown}
 g - a potion of degeneration
 i - a potion of flight {unknown}


   Skills:
 + Level 2.1 Short Blades
 - Level 2.1 Dodging
 + Level 5.3 Stealth
 - Level 2.0 Spellcasting
 + Level 5.2 Hexes


You had 6 spell levels left.
You didn't know any spells.
Your spell library contained the following spells:

 Spells                   Type           Power      Damage    Failure   Level
 Confusing Touch          Hex            20%        N/A       6%          3
 Tukima's Dance           Hex            20%        N/A       6%          3
 Ensorcelled Hibernation  Hex/Ice        22%        N/A       10%         2
 Dazzling Flash           Conj/Hex       22%        N/A       19%         3
 Ignite Poison            Fire/Tmut/Pois 1%         N/A       47%         3
 Mephitic Cloud           Conj/Pois/Air  1%         N/A       47%         3
 Freezing Cloud           Conj/Ice/Air   0%         6-21      99%         5


Dungeon Overview and Level Annotations

Branches:
Dungeon (2/15)

Altars:


Innate Abilities, Weirdness & Mutations

Your natural rate of healing is accelerated.
You have razor-sharp teeth.
You have supernaturally acute eyesight. (SInv)
You are afflicted with vampirism and can become a bat while bloodless.


Message History

You barely miss the adder.
You feel sick. The adder bites you but does no damage.
You don't know any spells.
You barely miss the adder.
You feel sick. The adder bites you.
You hit the adder.
The adder is lightly wounded.
You feel sick. The adder bites you.
* * * LOW HITPOINT WARNING * * *
You hit the adder.
The adder is moderately wounded.
The adder bites you but does no damage.
Unknown command.
You barely miss the adder. Your bite misses the adder.
The adder is moderately wounded.
You feel sick. The adder bites you but does no damage. The adder bites you.
* * * LOW HITPOINT WARNING * * *
You completely miss the adder.
The adder is moderately wounded.
You feel sick.
You are no longer poisoned.
The adder bites you.
* * * LOW HITPOINT WARNING * * *
You are poisoned.
The adder poisons you!
You hit the adder but do no damage.
The adder is moderately wounded.
You feel sick. The adder bites you.
* * * LOW HITPOINT WARNING * * *
You are lethally poisoned!
The adder poisons you!
You hit the adder but do no damage.
The adder is moderately wounded.
* * * LOW HITPOINT WARNING * * *
You feel sick. The adder barely misses you.
It was a potion of degeneration.
There was something very wrong with that liquid.
You feel weakened.
You feel dopey.
You feel clumsy.
* * * LOW HITPOINT WARNING * * *
You feel sick. The adder bites you.
You die...

####.#..###....#
#....#...##<#..####
#.#########.##.#.............
..............>.........##.#
...###....................# #
...........$....##..##....#
.##.##.#####....##..##....#
.................#....#
#.##.####..@.............. #
#. #.#.S.#....#..##.# #.
#.#...#....... #.
#.#........# .. ...[..#.....
#.#).....# #...#.## #...#.#


You could see an adder.

Vanquished Creatures
  A gnoll (D:1)
  A dart slug (D:1)
  A giant cockroach (D:2)
  A hobgoblin (D:1)
  4 jackals (D:1)
  4 kobolds (D:1)
  7 ball pythons (D:1)
  2 bats (D:1)
  6 frilled lizards (D:1)
  5 rats (D:1)
32 creatures vanquished.

Notes
Turn   | Place    | Note
-------+----------+-------------------------------------------
     0 | D:1      | lunkers the Vampire Enchanter began the quest for the Orb.
     0 | D:1      | Reached XP level 1. HP: 13/13 MP: 3/3
   151 | D:1      | Reached XP level 2. HP: 11/19 MP: 5/5
   237 | D:1      | Reached skill level 5 in Stealth
   292 | D:1      | Reached skill level 5 in Hexes
   389 | D:1      | Gained mutation: You are afflicted with vampirism and can
                  | become a bat while bloodless. [Vampire growth]
   389 | D:1      | Reached XP level 3. HP: 22/24 MP: 6/6
   739 | D:2      | Slain by an adder

Illustrated notes

Levels and vault maps discovered:
D:1:      minmay_arrival_plants_in_alcoves, layout_basic
D:2:      layout_basic, uniq_natasha, uniq_terence

Skill      XL: |  1  2 |
---------------+-------+-----
Stealth        | 5 |  5.3
Hexes          | 5 |  5.2
Short Blades   | 2 |  2.1
Dodging        | |  2.1
Spellcasting   | |  2.0

Action                   || total
-------------------------++-------
Melee: Dagger            ||   101
       Bite              ||     9
       Punch             ||     1
  Use: Potion            ||     1
 Stab: Sleeping          ||     7
Armor: Robe              ||    20
Dodge: Dodged            ||    53

Table legend: (Time is in decaauts)
 A = Elapsed time spent in this place.
 B = Non-inter-level travel time spent in this place.
 C = Inter-level travel time spent in this place.
 D = Time resting spent in this place.
 E = Time spent auto-exploring this place.
 F = Levels seen in this place.
 G = Mean time per level.
                   A        B        C        D        E       F      G
               +--------+--------+--------+--------+--------+-----+--------+
         Total |    729 |    682 |     47 |      0 |    479 |   2 |  364.5 |
       Dungeon |    729 |    682 |     47 |      0 |    479 |   2 |  364.5 |
               +--------+--------+--------+--------+--------+-----+--------+

Top non-repeatable levels by time:
     D:1: 690 daAuts
     D:2: 38 daAuts
